Map: Dusk Towers

Players

MightyDeer - Winner!

  • Race: Protoss Protoss
  • League: Gold

capac

  • Race: Terran Terran
  • League: Gold

VOD

Have the link to the VOD?

Description

Time

  • Played on: April 10, 2016, 2:52 p.m.
  • Length: 17:28
Show
View Real Time Build Order
Export as new Build Order

MightyDeer Protoss - Winner!

Build Orders: 1 Gate Expand, Blink Stalkers 

Get SALT Encoding   

  12  0:01  Probe (Chrono Boost)  
  13  0:11  Probe (Chrono Boost)  
  14  0:17  Pylon  
  14  0:22  Probe (Chrono Boost)  
  16  0:35  Probe (Chrono Boost)  
  16  0:37  Gateway  
  16  0:46  Probe (Chrono Boost)  
  17  0:52  Assimilator  
  17  0:57  Probe (Chrono Boost)  
  18  1:07  Probe (Chrono Boost)  
  19  1:25  Nexus  
  19  1:31  Cybernetics Core  
  19  1:35  Probe (Chrono Boost)  
  20  1:48  Probe (Chrono Boost)  
  20  1:52  Assimilator  
  21  1:58  Probe (Chrono Boost)  
  22  2:08  Pylon  
  22  2:09  Probe (Chrono Boost)  
  23  2:19  Probe (Chrono Boost)  
  23  2:22  Warp Gate (Chrono Boost)  
  23  2:26  Stalker  
  25  2:30  Mothership Core (Chrono Boost)  
  27  2:38  Probe (Chrono Boost)  
  28  2:44  Pylon  
  28  2:48  Twilight Council  
  28  2:49  Probe x2 (Chrono Boost)  
  30  2:59  Probe (Chrono Boost)  
  30  3:00  Probe (Chrono Boost)  
  32  3:10  Probe x2 (Chrono Boost)  
  34  3:17  Sentry  
  36  3:20  Probe (Chrono Boost)  
  36  3:21  Probe (Chrono Boost)  
  36  3:25  Gateway  
  36  3:26  Gateway  
  38  3:30  Probe  
  38  3:31  Probe  
  40  3:36  Blink (Chrono Boost)  
  40  3:40  Probe  
  41  4:00  Probe  
  41  4:01  Probe  
  43  4:02  Nexus  
  43  4:05  Assimilator  
  43  4:09  Assimilator  
  43  4:10  Probe  
  43  4:13  Probe  
  45  4:21  Probe  
  46  4:25  Probe  
  46  4:26  Pylon  
  46  4:27  Pylon  
  47  4:31  Probe  
  47  4:37  Probe  
  47  4:38  Stalker x2  
  51  4:42  Probe  
  54  4:49  Probe  
  54  4:51  Stalker  
  54  4:52  Probe  
  57  4:58  Robotics Facility  
  58  5:02  Stalker x2, Pylon  
  62  5:11  Probe  
  62  5:12  Probe  
  64  5:17  Probe  
  64  5:18  Gateway  
  65  5:21  Probe  
  65  5:24  Probe  
  65  5:25  Gateway  
  67  5:29  Stalker  
  67  5:30  Stalker  
  67  5:33  Probe x2  
  73  5:40  Resonating Glaives (Chrono Boost)  
  69  6:02  Probe  
  69  6:04  Probe  
  71  6:07  Stalker  
  71  6:08  Stalker x2  
  77  6:14  Observer  
  78  6:20  Pylon  
  78  6:24  Robotics Bay  
  78  6:26  Probe x2  
  78  6:27  Probe  
  78  6:30  Forge  
  78  6:31  Forge  
  78  6:32  Pylon  
  81  6:37  Pylon  
  81  6:39  Probe, Stalker x5  
  92  6:42  Assimilator  
  92  6:53  Assimilator  
  92  6:55  Probe  
  93  7:01  Immortal  
  93  7:02  Probe x2  
  93  7:07  Probe  
  91  7:25  Adept x5  
  99  7:32  Probe x2  
  99  7:33  Probe  
  102  7:45  Probe  
  102  7:47  Stalker  
  102  7:48  Disruptor  
  102  7:50  Protoss Ground Armor Level 1 (Chrono Boost)  
  108  7:58  Protoss Ground Weapons Level 1 (Chrono Boost)  
  108  7:59  Charge  
  108  8:02  Probe  
  108  8:03  Probe  
  108  8:05  Probe  
  110  8:12  Probe  
  112  8:24  Disruptor (Chrono Boost), Nexus  
  115  8:27  Pylon  
  115  8:30  Pylon  
  115  8:32  Probe  
  115  8:33  Probe  
  117  8:36  Probe  
  113  8:42  Probe  
  113  8:45  Probe  
  113  8:46  Gateway x2  
  113  8:49  Gateway  
  113  8:59  Disruptor (Chrono Boost)  
  116  9:08  Probe  
  117  9:13  Gateway  
  117  9:14  Gateway  
  117  9:26  Robotics Facility  
  117  9:30  Probe x2  
  119  9:35  Adept x4  
  119  9:36  Adept  
  129  9:56  Stalker x4  
  129  9:57  Stalker x3  
  110  10:39  Protoss Ground Weapons Level 2, Protoss Ground Armor Level 2  
  88  10:44  Stalker x2  
  88  10:45  Stalker x2  
  88  10:46  Disruptor (Chrono Boost)  
  88  10:47  Stalker x3  
  88  10:48  Probe, Stalker x3  
  88  10:49  Probe x3  
  116  10:51  Disruptor (Chrono Boost)  
  116  10:53  Assimilator  
  116  10:57  Assimilator  
  116  10:59  Pylon  
  116  11:03  Pylon  
  116  11:05  Probe, Pylon  
  116  11:06  Probe x3  
  116  11:08  Gateway  
  116  11:09  Stalker x3  
  116  11:10  Gateway  
  126  11:13  Gateway  
  126  11:14  Gateway  
  126  11:17  Disruptor (Chrono Boost)  
  129  11:23  Adept x2  
  129  11:24  Adept x4  
  129  11:25  Adept  
  146  11:26  Disruptor (Chrono Boost)  
  146  11:34  Stalker  
  146  11:35  Stalker x2  
  152  11:48  Disruptor (Chrono Boost)  
  152  11:51  Templar Archives  
  155  12:00  Pylon, Adept x2  
  155  12:01  Adept x5  
  166  12:02  Disruptor (Chrono Boost)  
  166  12:03  Pylon  
  166  12:05  Pylon  
  172  12:16  Pylon  
  172  12:18  Pylon  
  172  12:19  Disruptor (Chrono Boost)  
  172  12:21  Pylon  
  175  12:32  Probe  
  175  12:33  Probe x2  
  181  12:38  Disruptor (Chrono Boost)  
  181  12:40  Adept x3  
  181  12:41  Adept x4  
  181  12:42  Adept x2  
  199  12:58  Nexus  
  173  13:00  Pylon  
  173  13:03  Pylon  
  173  13:05  Pylon  
  150  13:10  High Templar x4  
  150  13:11  High Templar, Stalker  
  150  13:12  Stalker x4  
  158  13:13  Warp Prism (Chrono Boost)  
  158  13:17  Archon x2  
  152  13:44  Stalker x3  
  152  13:45  Stalker x5  
  152  13:46  Protoss Ground Armor Level 3, Stalker x2, Protoss Ground Weapons Level 3  
  172  13:55  Probe  
  172  13:56  Probe x3  
  176  14:03  Assimilator  
  176  14:08  Assimilator  
  176  14:10  Gateway  
  176  14:12  Gateway  
  172  14:17  Stalker x2  
  172  14:18  Stalker x4  
  184  14:27  Zealot x4  
  184  14:29  Zealot x4  
  136  15:00  Stalker x3  
  136  15:01  Stalker x4  
  136  15:02  Stalker x2  
  136  15:22  Zealot x5  
  136  15:23  Zealot  
  148  15:40  Stalker x2  
  148  15:41  Stalker x3  
  141  16:13  Stalker  
  141  16:14  Stalker x7  
  141  16:15  Stalker x2  
  141  16:18  Immortal (Chrono Boost)  
  165  16:23  Immortal (Chrono Boost)  
  151  16:32  Zealot  
  151  16:33  Zealot x3  
  155  16:52  Immortal (Chrono Boost)  
  159  16:56  Zealot x6  
  159  16:57  Zealot x3  
  159  16:58  Zealot x2  
  177  17:27  Stalker x2  
Show
View Real Time Build Order
Export as new Build Order

capac Terran 

Build Orders: Reaper Expand, MMM Bio 

Get SALT Encoding   

  12  0:00  SCV  
  13  0:12  SCV  
  14  0:22  Supply Depot  
  14  0:25  SCV  
  15  0:44  SCV  
  15  0:45  Barracks  
  15  0:48  Refinery  
  16  0:56  SCV  
  17  1:08  SCV  
  18  1:20  SCV  
  19  1:32  Reaper  
  20  1:34  Orbital Command  
  20  1:45  Command Center  
  20  1:57  Supply Depot  
  20  2:01  SCV  
  21  2:05  Barracks Reactor  
  21  2:14  SCV  
  22  2:17  Refinery  
  22  2:23  Barracks  
  22  2:28  Factory  
  22  2:29  SCV  
  23  2:41  SCV  
  24  2:49  Marine x2  
  26  2:53  SCV  
  27  3:05  SCV  
  27  3:07  Marine x2  
  30  3:17  Barracks Tech Lab, SCV  
  30  3:18  Factory Tech Lab  
  30  3:21  Starport  
  30  3:23  Orbital Command  
  30  3:27  Marine x2  
  30  3:30  SCV  
  33  3:37  Marine  
  34  3:42  SCV  
  34  3:45  Marine, Siege Tank  
  39  3:52  Supply Depot  
  39  3:58  Marine x2  
  41  4:03  Medivac  
  43  4:10  SCV x2  
  45  4:17  Supply Depot  
  45  4:23  Siege Tank  
  48  4:27  Stimpack  
  48  4:34  Engineering Bay  
  48  4:41  Starport Reactor  
  48  4:44  Barracks  
  48  4:46  SCV x2  
  48  4:51  Refinery  
  48  4:52  Marine x3  
  52  4:58  SCV x2  
  55  5:02  Terran Infantry Weapons Level 1  
  55  5:05  Supply Depot  
  55  5:10  Marine x3, SCV x2  
  60  5:14  Supply Depot  
  60  5:28  Marine x2, Missile Turret  
  62  5:30  Medivac x2  
  56  6:00  SCV x2  
  56  6:01  Refinery  
  56  6:02  Marine x3  
  56  6:03  Barracks Reactor  
  61  6:07  Barracks  
  61  6:18  Siege Tank  
  64  6:20  Marine x2  
  64  6:23  Marauder  
  68  6:27  SCV x2, Combat Shields  
  68  6:28  Liberator  
  70  6:33  Liberator  
  70  6:39  Marine x2, SCV x2  
  73  6:40  Marine x2  
  79  6:54  SCV x2  
  77  7:23  Marine x4  
  77  7:24  Barracks Tech Lab  
  73  7:32  Barracks  
  73  7:33  Supply Depot  
  73  7:35  Command Center  
  74  7:39  Medivac x2  
  74  7:40  Marine  
  79  7:47  Marauder x2  
  79  7:48  Concussive Shells  
  82  7:57  Supply Depot, SCV x2  
  84  7:59  Marine x2  
  84  8:00  Marine x2  
  84  8:04  Siege Tank  
  91  8:06  Terran Infantry Armor Level 1  
  91  8:07  Armory  
  91  8:12  Medivac  
  93  8:18  Medivac  
  95  8:21  Supply Depot, Marine x3  
  95  8:22  Marine  
  95  8:23  Marauder x2  
  103  8:30  Liberator  
  103  8:31  Liberator  
  105  8:48  Marine  
  105  8:49  Marine x2  
  105  8:50  Marauder x2, Marine  
  116  8:55  Barracks Tech Lab  
  116  9:06  Marine  
  79  9:17  Liberator x2  
  117  9:20  SCV x2  
  117  9:22  Orbital Command  
  119  9:32  SCV  
  126  9:39  Barracks  
  126  9:41  Factory  
  126  9:44  Missile Turret  
  126  9:45  Terran Ship Weapons Level 1  
  126  9:49  Starport  
  120  9:59  SCV  
  121  10:00  Siege Tank  
  121  10:04  Marine x4  
  121  10:05  Marauder x2  
  132  10:11  SCV  
  132  10:12  Supply Depot  
  132  10:13  Marauder  
  103  10:41  Marine  
  103  10:42  Marine x4  
  102  10:43  Marauder x2  
  108  10:55  Factory Tech Lab  
  108  10:59  Marine x2  
  108  11:02  Marine x2  
  113  11:04  Marauder  
  113  11:06  Barracks Reactor  
  113  11:08  Starport Reactor  
  112  11:16  Medivac x2  
  116  11:31  Liberator x2  
  116  11:38  Marine  
  123  11:40  Marauder x3  
  123  11:41  Marine x3  
  123  11:43  Marine x2  
  123  11:44  Command Center  
  128  11:47  Siege Tank x2  
  146  12:01  Marauder x3  
  146  12:06  Marine x3  
  149  12:10  Terran Ship Weapons Level 2  
  149  12:13  Supply Depot  
  149  12:14  Supply Depot  
  149  12:16  Marine x3  
  149  12:20  SCV x3  
  155  12:22  Refinery  
  155  12:23  Refinery  
  135  13:15  Marine  
  135  13:16  Marine x5  
  141  13:22  Marine  
  141  13:23  Marauder x2  
  132  13:40  Marauder, Liberator x4  
  134  13:41  SCV  
  134  13:42  SCV x2  
  134  13:44  Marauder x2  
  141  13:53  SCV  
  141  13:55  Marine x5  
  144  13:56  Marine  
  144  13:59  SCV x2  
  144  14:02  Marauder  
  164  14:04  Planetary Fortress  
  164  14:05  Marauder  
  164  14:06  Marauder, SCV  
  164  14:08  Missile Turret  
  169  14:11  SCV  
  170  14:23  Marauder  
  171  14:36  Marine  
  171  14:37  Marine x3  
  94  15:11  Marine x6  
  94  15:12  Marauder x2, Marine  
  102  15:28  Marine  
  102  15:29  Marine x5  
  102  15:30  Marauder  
  102  15:34  Marauder x2  
  114  15:46  Marine x2  
  114  15:47  Marine x4  
  117  15:51  Marauder  
  117  15:55  Marauder x2  
  100  16:09  Marine x6  
  92  16:19  Liberator  
  86  16:26  Siege Tank  
  86  16:27  Siege Tank  
  86  16:28  Marine x5  
Tags
 
Add a new tag
Caveats
  • Supply blocks, unpowered buildings, or Contaminate may cause inaccurate times.
  • Supply counts are checked every 10 seconds.